 Dungeon Crawl Stone Soup version 0.31-a0-667-g39726597b9 (webtiles) character file.

Game seed: 5432165834974129882

246 BritishOli the Trooper (level 5, -2/43 HPs)
             Began as a Demonspawn Fighter on Sept 4, 2023.
             Shot with an arrow by a centaur (9 damage)
             ... on level 4 of the Dungeon.
             The game lasted 00:02:37 (2912 turns).

BritishOli the Trooper (Demonspawn Fighter)         Turns: 2912, Time: 00:02:37

Health: -2/43      AC: 14    Str: 19    XL:     5   Next: 84%
Magic:  5/5        EV:  5    Int:  9    God:
Gold:   202        SH:  4    Dex: 12    Spells: 4/4 levels left

rFire   . . .        a - +0 war axe
rCold   . . .        c - +0 buckler
rNeg    . . .        h - +0 plate armour
rPois   .            t - +1 hat
rElec   .            (no cloak)
rCorr   .            (no gloves)
SInv    .            (no boots)
Will    .....        (no amulet) Stlth
                     (no ring)
HPRegen 0.27/turn    (no ring)
MPRegen 0.09/turn

%: no passive effects
@: lethally poisoned (-2 -> -4)
A: slimy green scales 1, ignite blood 2
a: no special abilities


You were on level 4 of the Dungeon.
You visited 1 branch of the dungeon, and saw 4 of its levels.

You collected 202 gold pieces.

Inventory:

Hand Weapons
 a - a +0 war axe (weapon)
Armour
 c - a +0 buckler (worn)
 h - a +0 plate armour (worn)
 t - a +1 hat (worn)
Jewellery
 p - a +4 ring of protection
Scrolls
 b - a scroll of identify {unknown}
 g - 2 scrolls of fog {unknown}
 j - a scroll of blinking {unknown}
 k - a scroll of vulnerability {unknown}
 m - a scroll of enchant weapon {unknown}
 n - a scroll of enchant armour {unknown}
 q - a scroll of revelation {unknown}
 r - a scroll of immolation {unknown}
 u - a scroll of noise {unknown}
 x - a scroll of summoning {unknown}
Potions
 d - 3 potions of might
 e - a potion of lignification {unknown}
 f - 2 potions of degeneration {unknown}
 i - a potion of haste {unknown}
 l - 2 potions of brilliance {unknown}
 o - a potion of enlightenment {unknown}
 s - a potion of curing {unknown}
 v - 2 potions of heal wounds {unknown}
 w - a potion of attraction {unknown}


   Skills:
 + Level 4.5 Fighting
 + Level 3.4 Axes
 + Level 4.0 Armour
 - Level 3.0 Shields


You had 4 spell levels left.
You didn't know any spells.
Your spell library contained the following spells:

 Spells                   Type           Power      Damage    Failure   Level
 Apportation              Tloc           0%         N/A       100%        1
 Necrotise                Necr           0%         1d4       100%        1
 Summon Small Mammal      Summ           0%         N/A       100%        1


Dungeon Overview and Level Annotations

Branches:
Dungeon (4/15)
 Temple: D:4-7

Altars:
Ashenzari


Innate Abilities, Weirdness & Mutations

You are partially covered in slimy green scales. (AC +2)
Your demonic aura often causes spilled blood to erupt in flames.


Message History

You open the door.
There is an open door here.
An adder comes into view.
An adder is nearby!
A centaur comes into view.
Found a ring mail.
The centaur shouts!
The centaur wields a +0 shortbow.
The centaur shoots an arrow.
The arrow hits you but does no damage.
There are monsters nearby!
The centaur shoots an arrow.
The arrow hits you.
There are monsters nearby!
You closely miss the adder.
The centaur shoots an arrow.
The arrow hits you! You block the adder's attack.
The centaur shoots an arrow.
The arrow hits you. You block the adder's attack.
There are monsters nearby!
You closely miss the adder.
The centaur shoots an arrow.
The arrow hits you. The adder bites you but does no damage.
The centaur shoots an arrow.
The arrow hits you but does no damage.
You closely miss the adder. The adder bites you but does no damage.
The centaur shoots an arrow.
The arrow hits you. The adder barely misses you.
The centaur shoots an arrow.
You block the arrow. The adder bites you but does no damage.
The adder bites you but does no damage.
The centaur shoots an arrow.
The arrow hits you. The adder bites you.
The centaur shoots an arrow.
The arrow hits you but does no damage. The adder attacks as it pursues you!
The adder bites you but does no damage.
The centaur shoots an arrow.
The arrow closely misses you. The adder attacks as it pursues you!
The adder barely misses you.
The centaur shoots an arrow.
The arrow hits you but does no damage. The adder bites you.
You are poisoned.
The adder poisons you!
You feel sick.
The centaur shoots an arrow.
The arrow hits you!
* * * LOW HITPOINT WARNING * * *
The centaur shoots an arrow.
You block the arrow.
You feel sick.
The centaur shoots an arrow.
The arrow hits you but does no damage.
You feel sick.
The centaur shoots an arrow.
The arrow hits you!
You die...

+########...###.#..)..# .#.
......).......####.######...
......)[).....# #.# #......
..............# #.# #......
..............# #.# #......
..............####'###....##
..........................#
...........>..............#
.....##....@.S........#####
#.#####............#
#....°.......#
#.##.........#
####.c.......# #.........#
#.........# #.........#
#...[.....#


You could see a centaur and an adder.

Vanquished Creatures
  A gnoll bouda (D:4)
  Robin (D:4)
  9 gnolls
  4 adders (D:2)
  A worm (D:4)
  2 orcs
  4 ball pythons
  6 endoplasms
  5 giant cockroaches
  18 goblins
  7 hobgoblins
  4 quokkas (D:1)
  5 bats
  A frilled lizard (D:1)
  7 kobolds
  4 rats
79 creatures vanquished.

Notes
Turn   | Place    | Note
-------+----------+-------------------------------------------
     0 | D:1      | BritishOli the Demonspawn Fighter began the quest for the
                  | Orb.
     0 | D:1      | Reached XP level 1. HP: 18/18 MP: 1/1
   174 | D:1      | Gained mutation: You are partially covered in slimy green
                  | scales. (AC +2) [demonic ancestry]
   174 | D:1      | Reached XP level 2. HP: 22/24 MP: 2/2
   397 | D:1      | Gained mutation: Your demonic aura sometimes causes spilled
                  | blood to erupt in flames. [demonic ancestry]
   397 | D:1      | Reached XP level 3. HP: 19/29 MP: 3/3
  1201 | D:2      | Found a faded altar of an unknown god.
  1201 | D:2      | Identified the +4 chain mail of Purpose {rF++ rC+ Int+4}
  1253 | D:2      | Reached XP level 4. HP: 20/37 MP: 4/4
  2229 | D:4      | Noticed Robin
  2241 | D:4      | Killed Robin
  2369 | D:4      | Gained mutation: Your demonic aura often causes spilled
                  | blood to erupt in flames. [demonic ancestry]
  2369 | D:4      | Reached XP level 5. HP: 39/42 MP: 5/5
  2625 | D:4      | Found a broken altar of Ashenzari.
  2900 | D:4      | Noticed a centaur
  2912 | D:4      | Shot with an arrow by a centaur

Illustrated notes

Levels and vault maps discovered:
D:1:      dpeg_arrival_rooms_with_view, layout_basic, minivault_26,
          minmay_tromino_v4_b
D:2:      layout_loops_cross, basic_altar, basic_ecumenical_altar,
          kennysheep_doodads, minmay_misc_feat_plants
D:3:      layout_loops_ring, kennysheep_potato
D:4:      layout_basic, mainiacjoe_overflow_tiny_flanked,
          general_overflow_altar, kennysheep_little_box, nrook_loot_triangle,
          uniq_robin

Skill      XL: |  1  2  3  4  5 |
---------------+----------------+-----
Axes           | 2 3 |  3.4
Armour         | 3 4 |  4.0
Shields        | 3 |  3.0
Fighting       | 4 |  4.5

Action                     |  1- 3 |  4- 6 || total
---------------------------+-------+-------++-------
  Melee: War axe           |   123 |   124 ||   247
 Armour: Plate armour      |   139 |   155 ||   294
         Scale mail        |     5 |       ||     5
  Dodge: Dodged            |    30 |    37 ||    67
  Block: Buckler           |    32 |    31 ||    63

Table legend: (Time is in decaauts)
 A = Elapsed time spent in this place.
 B = Non-inter-level travel time spent in this place.
 C = Inter-level travel time spent in this place.
 D = Time resting spent in this place.
 E = Time spent auto-exploring this place.
 F = Levels seen in this place.
 G = Mean time per level.
                   A        B        C        D        E       F      G
               +--------+--------+--------+--------+--------+-----+--------+
         Total |   3013 |   2906 |    107 |    158 |   2153 |   4 |  753.2 |
       Dungeon |   3013 |   2906 |    107 |    158 |   2153 |   4 |  753.2 |
               +--------+--------+--------+--------+--------+-----+--------+

Top non-repeatable levels by time:
     D:3: 926 daAuts
     D:1: 837 daAuts
     D:2: 668 daAuts
     D:4: 580 daAuts
